 Dungeon Crawl Stone Soup version 0.20.1-1-g8b1a95d (webtiles) character file.

1817 Peloso the Slasher (level 9, -4/45 HPs)
             Began as a Vine Stalker Fighter on July 29, 2017.
             Was a Believer of Okawaru.
             Killed by divine providence
             ... invoked by an orc priest
              (8 damage)
             ... on level 6 of the Dungeon.
             The game lasted 00:14:09 (5123 turns).

Peloso the Slasher (Vine Stalker Fighter)           Turns: 5123, Time: 00:14:09

Health: -4/45      AC: 14    Str: 22    XL:     9   Next: 10%
Magic:  0/10       EV:  5    Int:  8    God:    Okawaru [**....]
Gold:   236        SH: 10    Dex: 14    Spells: 8/8 levels left

rFire    . . .     SeeInvis .   q - +0 falchion (drain)
rCold    . . .     Gourm    .   c - +0 shield
rNeg     . . .     Faith    .   k - +1 plate armour
rPois    .         Spirit   +   (no helmet)
rElec    .         Reflect  .   (no cloak)
rCorr    .         Harm     .   (no gloves)
MR       +....                  z - +0 pair of boots
Stlth    ..........             (no amulet)
Regen    0.6/turn               (no ring)
MPRegen  0.2/turn               (no ring)

@: drained
A: fangs 3, regeneration 1, magic shield, antimagic bite, no potion heal 3, rot
immunity
a: Heroism, Renounce Religion


You were on level 6 of the Dungeon.
You worshipped Okawaru.
Okawaru was pleased with you.
You were very hungry.

You visited 2 branches of the dungeon, and saw 7 of its levels.
You also visited: Sewer.

You collected 236 gold pieces.

Inventory:

Hand Weapons
 a - a +1 long sword
 g - a +0 whip of flaming
 q - a +0 falchion of draining (weapon)
Armour
 b - a +0 scale mail
 c - a +0 shield (worn)
 k - a +1 plate armour (worn)
 z - a +0 pair of boots (worn)
Jewellery
 l - an uncursed amulet of rage {unknown}
Wands
 m - a wand of digging (8/24)
Scrolls
 h - a scroll of magic mapping
 n - 2 scrolls of remove curse
 o - a scroll of enchant weapon
 w - a scroll of enchant armour
Potions
 d - 2 potions of might
 e - 3 potions of haste
 p - a potion of flight
 v - a potion of brilliance
 x - a potion of mutation {unknown}
Comestibles
 f - 6 bread rations
 i - 4 meat rations
 j - 2 royal jellies


   Skills:
 + Level 4.2(3.9) Fighting
 + Level 6.8(6.4) Long Blades
 + Level 5.1(4.7) Armour
 + Level 1.0(0.7) Dodging
 + Level 1.1(0.8) Stealth
 + Level 5.8(5.4) Shields


You had 8 spell levels left.
You didn't know any spells.

Dungeon Overview and Level Annotations

Branches:
Dungeon (6/15)             Temple (1/1) D:4

Altars:
Dithmenos
Elyvilon
Fedhas
Kikubaaqudgha
Makhleb
Nemelex Xobeh
Okawaru
Qazlal
Ru
Sif Muna
Trog
Uskayaw
Vehumet
Xom
Yredelemnul
Zin
The Shining One

Annotations:
D:6 Menkaure


Innate Abilities, Weirdness & Mutations

You have razor-sharp teeth.
Your natural rate of healing is unusually fast.
When hurt, damage is shared between your health and your magic reserves.
Your bite disrupts and absorbs the magic of your enemies.
Potions cannot restore your health.
You are immune to rotting.


Message History

Beogh smites you!
* * * LOW HITPOINT WARNING * * *
Menkaure, Prince of Dust comes into view.
The orc warrior hits you with a scimitar!
* * * LOW HITPOINT WARNING * * *
Menkaure casts a spell.
Menkaure seems to speed up.
Menkaure hits you!
* * * LOW HITPOINT WARNING * * *
Found a wooden ring.
The orc priest invokes the aid of Beogh against you.
You resist with significant effort. You block Menkaure's attack.
Menkaure calls on the powers of darkness!
The orc priest convulses!
The orc convulses!
The orc warrior convulses!
You feel a surge of unholy energy.
The orc priest convulses!
Menkaure gestures at you while chanting.
You resist with significant effort.
The orc priest mumbles some strange prayers to Beogh against you.
Beogh smites you!
You die...

#..#.......###. #.####...#
##..#..$...##.. #........#
.>..#..# #.# ###.##...# ....#o.#
##.# #.##.### ......######..###
..##.# ......#.........####.
######..###
..................=..##...<.....>
............oo..######...........
....>.#....o.Mo.@..<.............
................#####..........†.
....###.........# #............
....# ##..#.##### #............
.......#..### #............
##.###...## .............. #.#
#### .....[.....##8. ..#
...#########... ... ##.


You could see an orc warrior, Menkaure, 2 orc priests and an orc.

Vanquished Creatures
  Pikel (D:5)
  Prince Ribbit (D:5)
  Eustachio (D:6)
  A phantom (D:5)
  A sky beast (D:6)
  An ogre (D:4)
  A crocodile (Sewer)
  The ghost of Peloso the Slasher, a weakling MiCK of Xom (D:3)
  A howler monkey (D:5)
  3 crimson imps
  A gnoll shaman (D:4)
  A centaur zombie (D:5)
  A hound (D:5)
  An orc wizard (D:4)
  A bullfrog skeleton (D:4)
  2 iguanas (D:6)
  2 worker ants
  9 adders
  4 gnolls (D:4)
  A shadow imp (D:5)
  An ooze (D:1)
  A worm (D:2)
  A dart slug (D:1)
  5 leopard geckos
  9 orcs
  8 giant cockroaches
  5 goblins
  6 hobgoblins
  13 jackals
  2 quokkas
  13 bats
  3 frilled lizards
  A giant cockroach zombie (D:5)
  10 kobolds
  A leopard gecko skeleton (D:4)
  4 rats
  A spectral orc (D:3)
119 creatures vanquished.

Notes
Turn   | Place    | Note
-------+----------+-------------------------------------------
     0 | D:1      | Peloso the Vine Stalker Fighter began the quest for the Orb.
     0 | D:1      | Reached XP level 1. HP: 11/11 MP: 2/2
   124 | D:1      | Reached XP level 2. HP: 12/16 MP: 3/3
   437 | D:1      | Reached skill level 2 in Long Blades
   438 | D:1      | Reached XP level 3. HP: 15/19 MP: 0/4
  1273 | D:2      | Gained mutation: Your natural rate of healing is unusually fast. [Vine Stalker growth]
  1273 | D:2      | Reached XP level 4. HP: 24/24 MP: 5/5
  1825 | D:3      | Reached skill level 3 in Long Blades
  1841 | D:3      | Found a white marble altar of Elyvilon.
  1842 | D:3      | Found a sacrificial altar of Ru.
  1918 | D:3      | Noticed Peloso's ghost (weakling MiCK)
  1921 | D:3      | Reached XP level 5. HP: 28/28 MP: 6/6
  1939 | D:3      | Killed Peloso's ghost
  1989 | D:3      | Found a basalt altar of Yredelemnul.
  2585 | D:4      | Reached XP level 6. HP: 32/32 MP: 7/7
  2603 | D:4      | Found a glowing drain.
  2640 | Sewer    | Entered a sewer
  2916 | D:4      | Reached XP level 7. HP: 36/36 MP: 8/8
  2919 | D:4      | Reached skill level 4 in Long Blades
  3005 | D:4      | Found a staircase to the Ecumenical Temple.
  3778 | Temple   | Entered the Ecumenical Temple
  3979 | Temple   | Became a worshipper of Warmaster Okawaru
  4094 | D:5      | Entered Level 5 of the Dungeon
  4158 | D:5      | Noticed Prince Ribbit
  4178 | D:5      | Killed Prince Ribbit
  4178 | D:5      | Reached skill level 1 in Stealth
  4287 | D:5      | Found a shimmering altar of Xom.
  4287 | D:5      | Found a burning altar of Makhleb.
  4305 | D:5      | Reached skill level 1 in Dodging
  4404 | D:5      | Reached * piety under Okawaru
  4404 | D:5      | Reached skill level 5 in Long Blades
  4412 | D:5      | Reached skill level 5 in Shields
  4412 | D:5      | Gained mutation: You have razor-sharp teeth. [Vine Stalker growth]
  4412 | D:5      | Reached XP level 8. HP: 38/40 MP: 9/9
  4678 | D:5      | Noticed Pikel
  4711 | D:5      | Killed Pikel
  4711 | D:5      | Reached ** piety under Okawaru
  4711 | D:5      | Reached skill level 6 in Long Blades
  4785 | D:5      | Reached skill level 5 in Armour
  5028 | D:6      | Reached XP level 9. HP: 42/45 MP: 10/10
  5039 | D:6      | Noticed Eustachio
  5074 | D:6      | Killed Eustachio
  5113 | D:6      | Noticed Menkaure
  5118 | D:6      | HP: 1/45 [Menkaure (8)]
  5123 | D:6      | Killed from afar by an orc priest

Skill      XL: |  1  2  3  4  5  6  7  8 |
---------------+-------------------------+-----
Shields        | 3 4 5 |  5.8
Long Blades    | 2 3 5 6 |  6.8
Fighting       | 3 4 |  4.2
Armour         | 3 4 5 |  5.1
Stealth        | 1 |  1.1
Dodging        | 1 |  1.0

Action                   |  1- 3 |  4- 6 |  7- 9 || total
-------------------------+-------+-------+-------++-------
Melee: Long sword        |    76 |   228 |   181 ||   485
       Bite              |    10 |    69 |    63 ||   142
       Falchion          |       |       |     3 ||     3
  Use: Potion            |     1 |       |       ||     1
       Scroll            |       |     3 |    11 ||    14
 Stab: Invisible         |       |     1 |       ||     1
  Eat: Chunk             |       |     7 |     4 ||    11
       Royal jelly       |       |       |     1 ||     1
Armor: Scale mail        |    16 |       |       ||    16
       Plate armour      |    39 |   244 |   121 ||   404
Dodge: Dodged            |    16 |    54 |    34 ||   104
Block: Shield            |    39 |   202 |    97 ||   338
       Rpst.: Long sword |     7 |    16 |    15 ||    38
